 Dungeon Crawl Stone Soup version 0.27-a0-1565-gad902ab807 (webtiles) character file.

Game seed: 6387489623738103473

44 Sabo the Chopper (level 3, -2/30 HPs)
             Began as a Minotaur Gladiator on July 17, 2021.
             Slain by a gnoll (3 damage)
             ... on level 2 of the Dungeon.
             The game lasted 00:06:10 (1414 turns).

Sabo the Chopper (Minotaur Gladiator)               Turns: 1414, Time: 00:06:11

Health: -2/30      AC:  3    Str: 19    XL:     3   Next: 41%
Magic:  2/2        EV: 12    Int: 11    God:
Gold:   69         SH:  0    Dex: 11    Spells: 2/2 levels left

rFire    + . .     SeeInvis .   a - +1 war axe
rCold    + . .     Faith    .   (no shield)
rNeg     . . .     Spirit   .   b - +0 leather armour
rPois    .         Reflect  .   c - +0 hat
rElec    .         Harm     .   f - scarf {rC+ rF+}
rCorr    .         Rampage  .   (no gloves)
Will     .....                  (no boots)
Stlth    +.........             (no amulet)
HPRegen  0.10/turn              o - +6 ring of intelligence
MPRegen  0.08/turn              (no ring)

@: no status effects
A: horns 2, retaliatory headbutt
a: no special abilities


You were on level 2 of the Dungeon.
You visited 1 branch of the dungeon, and saw 2 of its levels.

You collected 69 gold pieces.

Inventory:

Hand Weapons
 a - a +1 war axe (weapon)
Missiles
 d - 3 throwing nets (quivered)
 h - 17 sling bullets
 j - 26 poisoned darts
Armour
 b - a +0 leather armour (worn)
 c - a +0 hat (worn)
 f - a scarf of resistance (worn)
Jewellery
 o - a +6 ring of intelligence (left hand)
Scrolls
 e - a scroll of teleportation
 g - a scroll of blinking {unknown}
 l - a scroll of enchant weapon
Potions
 i - a potion of mutation {unknown}
 k - a potion of lignification {unknown}
 m - a potion of heal wounds {unknown}
 n - a potion of might {unknown}


   Skills:
 + Level 2.7 Fighting
 + Level 4.3 Axes
 + Level 2.1 Throwing
 + Level 0.8 Armour
 + Level 4.0 Dodging


You had 2 spell levels left.
You didn't know any spells.
Your spell library contained the following spells:

 Spells                   Type           Power      Damage    Failure   Level
 Corona                   Hex            0%         N/A       38%         1
 Ensorcelled Hibernation  Hex/Ice        0%         N/A       54%         2
 Tukima's Dance           Hex            0%         N/A       77%         3


Dungeon Overview and Level Annotations

Branches:
Dungeon (2/15)

Altars:


Innate Abilities, Weirdness & Mutations

You have a pair of horns on your head.
You reflexively headbutt those who attack you in melee.


Message History

You hit the gnoll.
The gnoll is heavily wounded.
The gnoll hits you but does no damage.
A gnoll comes into view. It is wielding a +0 whip.
You slash the gnoll!
You kill the gnoll!
A gnoll comes into view. It is wielding a +0 halberd.
Your Dodging skill increases to level 4!
You have reached level 3!
Your experience leads to an increase in your attributes!
Your base attributes are Str 18, Int 5, Dex 11.
Increase (S)trength, (I)ntelligence, or (D)exterity?
You feel stronger.
The gnoll shouts!
You see here a +0 whip.
The gnoll hits you with a +0 club.
You hit the gnoll. Your headbutt misses the gnoll.
The gnoll is lightly wounded.
The gnoll hits you with a +0 club.
You hit the gnoll. You headbutt the gnoll.
The gnoll is heavily wounded.
The gnoll hits you but does no damage.
You slash the gnoll!
The gnoll is almost dead.
The gnoll hits you with a +0 club.
You completely miss the gnoll. Your headbutt misses the gnoll.
The gnoll is almost dead.
The gnoll hits you with a +0 club!
* * * LOW HITPOINT WARNING * * *
The gnoll barely misses you.
You slash the gnoll!
You kill the gnoll!
You barely miss the gnoll. The gnoll hits you with a +0 whip.
* * * LOW HITPOINT WARNING * * *
You hit the gnoll.
The gnoll is moderately wounded.
The gnoll closely misses you. The gnoll hits you with a +0 whip.
* * * LOW HITPOINT WARNING * * *
The gnoll hits you with a +0 whip.
You die...

.#. ...
#.# #.#
#.# #g#
#g# #@#
#)# #.####
#..#.##
##....####
##.......+
#.).....##
#..#.##.#
#.....# #


You could see 2 gnolls.

Vanquished Creatures
  2 gnolls (D:2)
  A dart slug (D:1)
  5 goblins
  3 hobgoblins (D:1)
  3 kobolds (D:1)
  A quokka (D:1)
  2 ball pythons (D:1)
  2 bats (D:1)
  4 frilled lizards
  A rat (D:1)
24 creatures vanquished.

Vanquished Creatures (others)
  A giant cockroach (D:1)
  A hobgoblin (D:1)
2 creatures vanquished.

Grand Total: 26 creatures vanquished

Notes
Turn   | Place    | Note
-------+----------+-------------------------------------------
     0 | D:1      | Sabo the Minotaur Gladiator began the quest for the Orb.
     0 | D:1      | Reached XP level 1. HP: 18/18 MP: 0/0
   619 | D:1      | Reached XP level 2. HP: 24/25 MP: 1/1
  1406 | D:2      | Reached XP level 3. HP: 30/30 MP: 2/2
  1414 | D:2      | HP: 1/30 [gnoll (5)]
  1414 | D:2      | Slain by a gnoll

Illustrated notes

Levels and vault maps discovered:
D:1:      kennysheep_arrival_forest, layout_basic, lemuel_flame_loot_1
D:2:      layout_loops_corners, basic_ecumenical_altar, serial_shops,
          nicolae_shop_waterfront

Skill      XL: |  1  2 |
---------------+-------+-----
Axes           | 4 |  4.3
Dodging        | 4 |  4.0
Fighting       | |  2.7
Throwing       | |  2.1
Armour         | |  0.8

Action                   || total
-------------------------++-------
Melee: War axe           ||    54
       Headbutt          ||     4
  Use: Scroll            ||     2
Armor: Leather armour    ||    18
Dodge: Dodged            ||    37

Table legend: (Time is in decaauts)
 A = Elapsed time spent in this place.
 B = Non-inter-level travel time spent in this place.
 C = Inter-level travel time spent in this place.
 D = Time resting spent in this place.
 E = Time spent auto-exploring this place.
 F = Levels seen in this place.
 G = Mean time per level.
                   A        B        C        D        E       F      G
               +--------+--------+--------+--------+--------+-----+--------+
         Total |   1429 |   1429 |      0 |    397 |      0 |   2 |  714.5 |
       Dungeon |   1429 |   1429 |      0 |    397 |      0 |   2 |  714.5 |
               +--------+--------+--------+--------+--------+-----+--------+

Top non-repeatable levels by time:
     D:1: 1319 daAuts
     D:2: 109 daAuts
